 Dungeon Crawl Stone Soup version 0.31-a0-455-g1a7b003ef0 (webtiles) character file.

Game seed: 1742479768576372696

4985 Dittersdorf the Basher (level 10, -2/66 HPs)
             Began as a Gargoyle Fighter on Aug 3, 2023.
             Was a Believer of Okawaru.
             Slain by a yak (6 damage)
             ... on level 9 of the Dungeon.
             The game lasted 00:11:42 (8285 turns).

Dittersdorf the Basher (Gargoyle Fighter)           Turns: 8285, Time: 00:11:43

Health: -2/66      AC: 26    Str: 20    XL:     10   Next: 54%
Magic:  0/10       EV: 11    Int: 17    God:    Okawaru [**....]
Gold:   246        SH:  7    Dex:  9    Spells: 9/9 levels left

rFire   + + .        b - +1 flail (holy)
rCold   + + .        c - +0 buckler
rNeg    + . .        k - +3 scale mail "Impim" {rC+ rCorr Str-4 Int+3}
rPois   ∞            N - +0 helmet {SInv}
rElec   +            I - +0 cloak
rCorr   +            (no gloves)
SInv    +            F - +2 pair of boots "Ugeukhod" {Contam rF++ Int+5}
Will    .....        l - amulet of guardian spirit
Stlth   +            B - ring of flight
HPRegen 0.31/turn    D - ring of protection from cold
MPRegen 0.12/turn

%: guardian spirit
@: heroic, flying, studying Maces & Flails
A: sickness immunity, AC +7, negative energy resistance 1, electricity
resistance, torment resistance 1, petrification resistance
a: Renounce Religion, Heroism


You were on level 9 of the Dungeon.
You worshipped Okawaru.
Okawaru was pleased with you.
You visited 2 branches of the dungeon, and saw 10 of its levels.
You also visited: Ossuary.

You collected 521 gold pieces.
You spent 275 gold pieces at shops.

Inventory:

Hand Weapons
 b - a +1 flail of holy wrath (weapon)
Missiles
 y - 3 throwing nets
 K - 2 curare-tipped darts (quivered)
Armour
 c - a +0 buckler (worn)
 k - the +3 scale mail "Impim" (worn) {rC+ rCorr Str-4 Int+3}
   (You found it on level 4 of the Dungeon)

   Str:       It affects your strength (-4).
   Int:       It affects your intelligence (+3).
   rC:        It protects you from cold.
   rCorr:     It protects you from acid and corrosion.
 n - a +1 pair of boots
 z - a +0 plate armour
 F - the +2 pair of boots "Ugeukhod" (worn) {Contam rF++ Int+5}
   (You bought it in a shop on level 8 of the Dungeon)

   Int:       It affects your intelligence (+5).
   rF:        It greatly protects you from fire.
   Contam:    It causes magical contamination when unequipped.
 I - a +0 cloak (worn)
 N - a +0 helmet of see invisible (worn)
Magical Staves
 o - a staff of earth
Jewellery
 a - a ring of ice
 l - an amulet of guardian spirit (around neck)
 B - a ring of flight (left hand)
 D - a ring of protection from cold (right hand)
 L - a ring of protection from fire
Wands
 x - a wand of iceblast (7)
 G - a wand of digging (11)
 H - a wand of flame (39)
 O - a wand of acid (4)
Scrolls
 f - a scroll of fog {unknown}
 j - 2 scrolls of teleportation
 m - a scroll of poison
 q - a scroll of silence {unknown}
 s - a scroll of torment {unknown}
 t - 3 scrolls of amnesia {unknown}
 u - 6 scrolls of identify {unknown}
 v - 4 scrolls of vulnerability {unknown}
 w - 2 scrolls of butterflies {unknown}
 C - a scroll of immolation {unknown}
 J - a scroll of blinking {unknown}
 M - a scroll of enchant armour {unknown}
Potions
 d - 2 potions of might
 e - 3 potions of heal wounds
 g - 3 potions of enlightenment {unknown}
 h - 3 potions of brilliance {unknown}
 i - 3 potions of degeneration {unknown}
 p - 2 potions of lignification {unknown}
 r - 3 potions of curing {unknown}
 A - 2 potions of attraction {unknown}
 E - a potion of haste {unknown}


   Skills:
 + Level 9.0(14.0) Fighting
 + Level 10.5(15.5) Maces & Flails
 + Level 9.0(14.0) Armour
 + Level 9.0(14.0) Shields


You had 9 spell levels left.
You didn't know any spells.
Your spell library contained the following spells:

 Spells                   Type           Power      Damage    Failure   Level
 Blink                    Tloc           0%         N/A       65%         2
 Lesser Beckoning         Tloc           0%         N/A       65%         2
 Momentum Strike          Conj/Tloc      0%         3d8       65%         2
 Static Discharge         Conj/Air       0%         2-2/arc   65%         2
 Dazzling Flash           Conj/Hex       0%         N/A       86%         3
 Volatile Blastmotes      Fire/Tloc      0%         2d10      86%         3
 Airstrike                Air            0%         2d(0-16)  99%         4
 Starburst                Conj/Fire      0%         6d3       100%        6
 Maxwell's Capacitive Co  Air            0%         ∞         100%        8
 Summon Small Mammal      Summ           Unusable   N/A       N/A         1
 Call Canine Familiar     Summ           Unusable   N/A       N/A         3
 Summon Guardian Golem    Hex/Summ       Unusable   N/A       N/A         3
 Summon Lightning Spire   Summ/Air       Unusable   N/A       N/A         4

Dungeon Overview and Level Annotations

Branches:
Dungeon (9/15)             Temple (1/1) D:7            Lair (0/5) D:9
Ossuary (visited)
    Orc: D:9-12

Altars:
Ashenzari
Cheibriados
Dithmenos
Elyvilon
Fedhas
Gozag
Hepliaklqana
Kikubaaqudgha
Makhleb
Nemelex Xobeh
Okawaru
Qazlal
Ru
Sif Muna
Trog
Uskayaw
Vehumet
Wu Jian
Xom
Yredelemnul
Zin
The Shining One

Shops:
D:5 *   D:7 [   D:8 [*:


Innate Abilities, Weirdness & Mutations

You are immune to sickness and miasma.
Your stone body is resilient. (AC +7)
You are immune to poison.
You resist negative energy. (rN+)
You are resistant to electric shocks. (rElec)
You are resistant to unholy torment.
You are immune to petrification.


Message History

You closely miss the yak.
The yak is heavily wounded.
The yak gores you!
* * * LOW HITPOINT WARNING * * *
You thump the yak!
The yak is almost dead.
The yak gores you but does no damage.
You closely miss the yak.
The yak is almost dead.
The yak misses you.
You hit the yak.
You kill the yak!
Okawaru accepts your kill.
Your Fighting skill increases to level 9!
Your Armour skill increases to level 9!
Your Shields skill increases to level 9!
You gain the combat prowess of a mighty hero.
The yak gores you.
* * * LOW HITPOINT WARNING * * *
You sock the yak!
The yak is severely wounded.
The yak gores you but does no damage.
You sock the yak!
You kill the yak!
Okawaru accepts your kill. The yak gores you.
* * * LOW HITPOINT WARNING * * *
You block the yak's attack.
Things that are here:
a yak corpse; a yak corpse You sock the yak!
The yak is moderately wounded.
The yak gores you but does no damage. The yak misses you.
You sock the yak!
The yak is heavily wounded.
The yak barely misses you. The yak gores you but does no damage.
You completely miss the yak.
The yak is heavily wounded.
The yak attacks as you move away! The yak gores you.
You die...

############################
...........................#
......$........YY..........#
#$..##...####.##@##..##....#
######...#######)######....####
$..............)).#..#.....#..##
..................#..#.........#
..................#..'.....)...#
#).###...####..########..###..###
### #...##########..##..#####[..
......#.........=..†<.......#
.......#.....................#


You could see 2 yaks.

Vanquished Creatures
  Joseph (D:8)
  Sigmund (D:3)
  8 yaks (D:9)
  A wyvern (D:9)
  A shadow (D:9)
  3 wraiths
  A water moccasin (D:9)
  An orc warrior (D:9)
  An ice beast (D:6)
  A sky beast (D:7)
  A black bear (D:3)
  An ogre (D:6)
  A kobold brigand (D:7)
  Blork the orc (D:5)
  4 bullfrogs
  A gnoll sergeant (D:8)
  2 scorpions
  10 wights
  2 howler monkeys
  2 jellies
  5 orc priests
  Crazy Yiuf (D:6)
  A gnoll bouda (D:9)
  3 hounds (D:5)
  5 iguanas
  A sleepcap (D:5)
  4 orc wizards
  11 gnolls
  5 adders
  2 white imps
  2 worms
  A dart slug (D:2)
  18 orcs
  11 endoplasms
  3 giant cockroaches
  11 hobgoblins
  2 jackals (D:1)
  10 kobolds
  6 quokkas
  6 ball pythons
  2 ball python skeletons (Ossuary)
  6 bats
  5 frilled lizards
  6 goblins
  2 hobgoblin skeletons (Ossuary)
  3 hobgoblin zombies (Ossuary)
  2 kobold zombies
  An orc skeleton (Ossuary)
  2 rats (D:3)
181 creatures vanquished.

Notes
Turn   | Place    | Note
-------+----------+-------------------------------------------
     0 | D:1      | Dittersdorf the Gargoyle Fighter began the quest for the
                  | Orb.
     0 | D:1      | Reached XP level 1. HP: 14/14 MP: 1/1
   219 | D:1      | Reached XP level 2. HP: 19/19 MP: 2/2
   422 | D:1      | Found a faded altar of an unknown god.
   581 | D:1      | Reached XP level 3. HP: 23/23 MP: 3/3
  1209 | D:2      | Reached XP level 4. HP: 29/29 MP: 4/4
  1260 | D:2      | Found Debusos's Armour Shoppe.
  1677 | D:3      | Noticed Sigmund
  1690 | D:3      | Killed Sigmund
  1691 | D:3      | Reached skill level 3 in Maces & Flails
  1691 | D:3      | Reached XP level 5. HP: 29/34 MP: 5/5
  1691 | D:3      | Reached XP level 6. HP: 33/39 MP: 6/6
  1768 | D:3      | Noticed a black bear
  1773 | D:3      | Killed a black bear
  2594 | D:4      | Identified a scroll of acquirement
  2594 | D:4      | Acquired a manual of Maces & Flails
  2633 | D:4      | Reached skill level 5 in Fighting
  2633 | D:4      | Reached skill level 4 in Maces & Flails
  2633 | D:4      | Reached skill level 5 in Armour
  2633 | D:4      | Reached skill level 5 in Shields
  2633 | D:4      | Reached XP level 7. HP: 41/44 MP: 4/7
  2780 | D:4      | Identified the +3 scale mail "Impim" {rC+ rCorr Str-4
                  | Int+3}
  3487 | D:5      | Entered Level 5 of the Dungeon
  3628 | D:5      | Found Fypyry's Overcharged Wands.
  3884 | D:5      | Noticed Blork the orc
  3909 | D:5      | Killed Blork the orc
  3910 | D:5      | Reached skill level 5 in Maces & Flails
  4036 | D:5      | Reached XP level 8. HP: 22/51 MP: 3/8
  4621 | D:6      | Reached skill level 6 in Maces & Flails
  4818 | D:6      | Found a sand-covered staircase.
  4828 | Ossuary  | Entered an ossuary
  4953 | Ossuary  | Noticed a wraith
  4953 | Ossuary  | Noticed a flying skull
  4960 | Ossuary  | Noticed a flying skull
  4966 | Ossuary  | Noticed a flying skull
  4975 | Ossuary  | Noticed a flying skull
  4988 | Ossuary  | Noticed a flying skull
  5012 | Ossuary  | Noticed a wraith
  5018 | Ossuary  | Killed a wraith
  5019 | Ossuary  | Reached skill level 7 in Maces & Flails
  5102 | Ossuary  | Noticed a wraith
  5118 | Ossuary  | Killed a wraith
  5119 | Ossuary  | Reached XP level 9. HP: 37/56 MP: 5/9
  5281 | D:6      | Found a runed translucent door.
  5282 | D:6      | Noticed Crazy Yiuf
  5498 | D:6      | Killed Crazy Yiuf
  5642 | D:7      | Reached skill level 8 in Maces & Flails
  5837 | D:7      | Found Neqomiec's Antique Armour Shop.
  5942 | D:7      | Found a staircase to the Ecumenical Temple.
  5951 | Temple   | Entered the Ecumenical Temple
  5959 | Temple   | Became a worshipper of Warmaster Okawaru
  6007 | D:7      | Found a bloodstained altar of Trog.
  6550 | D:8      | Found Ecvuf's Book Shoppe.
  6553 | D:8      | Noticed Joseph
  6575 | D:8      | Killed Joseph
  6576 | D:8      | Reached skill level 9 in Maces & Flails
  6802 | D:7      | HP: 2/59 [orc/+0 trident (5)]
  7061 | D:8      | Found a snail-covered altar of Cheibriados.
  7061 | D:8      | Found a basalt altar of Yredelemnul.
  7062 | D:8      | Found a broken altar of Ashenzari.
  7116 | D:8      | Found Jygou's Assorted Antiques.
  7349 | D:8      | Found Wungimn's Antique Armour Emporium.
  7357 | D:8      | Bought a pair of glimmering boots for 275 gold pieces
  7357 | D:8      | Identified the +2 pair of boots "Ugeukhod" {Contam rF++
                  | Int+5} (You bought it in a shop on level 8 of the Dungeon)
  7595 | D:9      | Reached * piety under Okawaru
  7606 | D:9      | Reached XP level 10. HP: 52/64 MP: 7/10
  7795 | D:9      | Found a staircase to the Lair.
  7924 | D:9      | Reached skill level 10 in Maces & Flails
  7944 | D:9      | HP: 1/65 [orc warrior/+0 long sword (6)]
  8194 | D:9      | Reached ** piety under Okawaru
  8281 | D:9      | HP: 3/66 [yak (5)]
  8285 | D:9      | Slain by a yak

Illustrated notes

Levels and vault maps discovered:
D:1:      matt_arrival_refuge, layout_loops_cross,
          shapermc_ecumenical_altar_pompeii
D:2:      layout_basic, serial_shops, shop, hex_intersection
D:3:      layout_loops_corners, uniq_sigmund
D:4:      layout_cave_pods
D:5:      layout_loops_ring, nicolae_shop_overcharged_wands, uniq_blork_the_orc
D:6:      layout_rooms, enter_ossuary_3, uniq_crazy_yiuf_cottage
D:7:      layout_basic, trog_hazing_becter, temple_hall, serial_shops, shop
D:8:      layout_loops_ring, nicolae_overflow_hidden_temple, serial_shops,
          nicolae_shop_pleasant_corner_grove, nicolae_book_shop_shelving,
          nicolae_stop_n_shop_2, uniq_joseph
D:9:      layout_gridville, lair_entry_dummy, minmay_quadrilaterals
Temple:   regret_index_temple_mists

Skill      XL: |  1  2  3  4  5  6  7  8  9 10 |
---------------+-------------------------------+-----
Fighting       | 4 5 6 8 9 |  9.0
Armour         | 4 5 6 8 9 |  9.0
Shields        | 4 5 6 8 9 |  9.0
Maces & Flails | 3 4 5 7 9 10 | 10.5

Action                     |  1- 3 |  4- 6 |  7- 9 | 10-12 || total
---------------------------+-------+-------+-------+-------++-------
  Melee: Flail             |   132 |    82 |   482 |   136 ||   832
 Invoke: Heroism           |       |       |       |     1 ||     1
    Use: Scroll            |       |     2 |     1 |     1 ||     4
         Potion            |       |       |       |     3 ||     3
 Armour: Scale mail        |    81 |    56 |   311 |    85 ||   533
  Dodge: Dodged            |    77 |    43 |   214 |    61 ||   395
  Block: Buckler           |    41 |    28 |   106 |    40 ||   215

Table legend: (Time is in decaauts)
 A = Elapsed time spent in this place.
 B = Non-inter-level travel time spent in this place.
 C = Inter-level travel time spent in this place.
 D = Time resting spent in this place.
 E = Time spent auto-exploring this place.
 F = Levels seen in this place.
 G = Mean time per level.
                   A        B        C        D        E       F      G
               +--------+--------+--------+--------+--------+-----+--------+
         Total |   8399 |   8030 |    369 |    528 |   5621 |  11 |  763.5 |
       Dungeon |   7965 |   7610 |    355 |    528 |   5333 |   9 |  885.0 |
        Temple |     16 |      2 |     14 |      0 |      0 |   1 |   16.0 |
       Ossuary |    417 |    417 |      0 |      0 |    288 |   1 |  417.0 |
               +--------+--------+--------+--------+--------+-----+--------+

Top non-repeatable levels by time:
     D:3: 1163 daAuts
     D:5: 1087 daAuts
     D:7: 1001 daAuts
     D:8: 944 daAuts
     D:4: 886 daAuts
     D:1: 795 daAuts
     D:9: 729 daAuts
     D:2: 712 daAuts
     D:6: 644 daAuts
 Ossuary: 417 daAuts
  Temple: 16 daAuts
